 Dungeon Crawl Stone Soup version 0.30.0-29-ga12c61a403 (webtiles) character file.

Game seed: 11226808674083969929

119 qw the Shield-Bearer (level 5, 0/32 HPs)
             Began as a Gargoyle Fighter on June 2, 2023.
             Was an Initiate of Okawaru.
             Slain by a gnoll
             ... wielding a +3 halberd
              (7 damage)
             ... on level 4 of the Dungeon.
             The game lasted 00:01:18 (2275 turns).

qw the Shield-Bearer (Gargoyle Fighter)             Turns: 2275, Time: 00:01:19

Health: 0/32       AC: 17    Str: 22    XL:     5   Next: 3%
Magic:  5/5        EV:  3    Int:  8    God:    Okawaru [......]
Gold:   106        SH: 12    Dex:  9    Spells: 4/4 levels left

rFire   . . .        Y - +1 war axe
rCold   . . .        l - +0 tower shield
rNeg    + . .        e - +0 plate armour
rPois   inf          (no helmet)
rElec   +            (no cloak)
rCorr   .            a - +0 pair of gloves
SInv    .            k - +0 pair of boots {Fly}
Will    .....        c - amulet of faith Stlth
                     (no ring)
HPRegen 0.25/turn    (no ring)
MPRegen 0.09/turn

%: faith
@: flying
A: sickness immunity, AC +4, negative energy resistance 1, electricity
resistance, torment resistance 1, petrification resistance
a: Renounce Religion


You were on level 4 of the Dungeon.
You worshipped Okawaru.
Okawaru was noncommittal.
You visited 1 branch of the dungeon, and saw 4 of its levels.

You collected 106 gold pieces.


Innate Abilities, Weirdness & Mutations

You are immune to sickness and miasma.
Your stone body is resilient. (AC +4)
You are immune to poison.
You resist negative energy. (rN+)
You are resistant to electric shocks. (rElec)
You are resistant to unholy torment.
You are immune to petrification.


   Skills:
 - Level 3.2 Fighting
 - Level 3.3 Axes
 - Level 3.2 Armour
 + Level 5.0 Shields


You had 4 spell levels left.
You didn't know any spells.
Your spell library was empty.

Inventory:

Hand Weapons
 f - a +0 flail
 Y - a +1 war axe (weapon)
Armour
 a - a +0 pair of gloves (worn)
 e - a +0 plate armour (worn)
 k - a +0 pair of boots of flying (worn)
 l - a +0 tower shield (worn)
Jewellery
 c - an amulet of faith (around neck)
Scrolls
 g - 3 scrolls of identify
Potions
 b - a potion of haste
 d - a potion of might
 h - a potion of cancellation
 j - a potion of curing

Dungeon Overview and Level Annotations

Branches:
Dungeon (4/15)
 Temple: D:4-7

Altars:
Okawaru
Wu Jian

Shops:
D:2 (


Message History

The orc hits you but does no damage. The gnoll hits you but does no damage.
You barely miss the orc.
The orc is heavily wounded.
You block the orc's attack.
The gnoll hits you from afar with a +0 spear. x2
You block the orc's attack.
You slash the orc!
You kill the orc!
Okawaru accepts your kill. You block the gnoll's attack.
Your Shields skill increases to level 5!
You hit the orc.
The orc is moderately wounded.
The gnoll hits you but does no damage. The orc hits you but does no damage.
The orc priest mumbles some strange prayers to Beogh against you.
Beogh smites you! You block the orc's attack.
A gnoll comes into view. It is wielding a +3 halberd.
The gnoll shouts!
You hit the orc.
The orc is severely wounded.
You block the gnoll's attack. The orc hits you but does no damage.
The gnoll hits you from afar with a +3 halberd.
The orc hits you with a +0 dagger.
You barely miss the orc.
The orc is severely wounded.
The gnoll hits you from afar with a +3 halberd.
You block the orc's attack.
The orc priest calls upon Beogh to heal the orc.
The orc is healed somewhat.
You closely miss the orc.
The orc is lightly wounded.
You block the gnoll's attack. The orc hits you but does no damage.
You block the gnoll's attack.
The orc priest calls upon Beogh to heal the orc.
The orc's wounds heal themselves!
The orc hits you but does no damage.
You slash the orc!
You kill the orc!
Okawaru accepts your kill.
The gnoll hits you from afar with a +3 halberd!
You die...

#.#########
#...{o)@.<#
#..######g#
#g# #.# #.#
#.# #g# #.#
#.#


You could see an orc priest and a gnoll.

Vanquished Creatures
  5 adders
  A worm (D:2)
  3 dart slugs
  2 orcs (D:4)
  A ball python (D:2)
  9 endoplasms
  4 giant cockroaches
  6 goblins
  6 hobgoblins
  4 jackals (D:1)
  7 kobolds
  3 quokkas
  3 bats
  4 frilled lizards
  2 rats
60 creatures vanquished.

Notes
Turn   | Place    | Note
-------+----------+-------------------------------------------
     0 | D:1      | qw the Gargoyle Fighter began the quest for the Orb.
     0 | D:1      | Reached XP level 1. HP: 14/14 MP: 1/1
     0 | D:1      | 0 ||| qw: Version: 0.2-a-102-gdf20003
     0 | D:1      | 0 ||| qw: Game counter: 915
     0 | D:1      | 0 ||| qw: Always use a shield: true
     0 | D:1      | 0 ||| qw: God list: Okawaru
     0 | D:1      | 0 ||| qw: Allow faded altars: false
     0 | D:1      | 0 ||| qw: Do Orc after D:15 true
     0 | D:1      | 0 ||| qw: Do second Lair branch before Depths: true
     0 | D:1      | 0 ||| qw: Lair rune preference: random
     0 | D:1      | 0 ||| qw: Plans: Normal, Zot:1-4, Slime:5, God:TSO, Crypt,
                  | Tomb, Pan, Hells, Abyss, Win
     0 | D:1      | 0 ||| PLANNING D:1-11
   140 | D:1      | 140 ||| Stepping ~*~*~tactically~*~*~ (stealth).
   169 | D:1      | 169 ||| Stepping ~*~*~tactically~*~*~ (stealth).
   175 | D:1      | Reached XP level 2. HP: 17/19 MP: 2/2
   406 | D:1      | Reached skill level 3 in Axes
   442 | D:1      | Reached XP level 3. HP: 23/23 MP: 3/3
   507 | D:1      | 507 ||| Stepping ~*~*~tactically~*~*~ (hiding).
   508 | D:1      | 508 ||| Stepping ~*~*~tactically~*~*~ (hiding).
   675 | D:1      | 675 ||| Stepping ~*~*~tactically~*~*~ (stealth).
   791 | D:1      | 791 ||| UPGRADING to +0 plate armour.
   801 | D:1      | 801 ||| DROPPING +0 scale mail.
   802 | D:1      | 802 ||| UPGRADING to +0 tower shield.
   812 | D:1      | 812 ||| DROPPING +0 buckler.
   813 | D:1      | 813 ||| READING scroll labelled PURUULIVOG.
   817 | D:1      | 817 ||| READING 2 scrolls labelled AMAEPOWE UMEOPS.
   818 | D:1      | 818 ||| READING scroll labelled ZATROJ LENORR.
   897 | D:2      | Found a faded altar of an unknown god.
   910 | D:2      | 910 ||| Stepping ~*~*~tactically~*~*~ (water).
  1214 | D:2      | Reached XP level 4. HP: 28/28 MP: 4/4
  1241 | D:2      | Reached skill level 4 in Shields
  1473 | D:2      | Found Juhit's Antique Weapon Boutique.
  1481 | D:2      | 1481 ||| SHOPLISTING glowing flail (175 gold, have 73).
  1527 | D:2      | 1527 ||| UPGRADING to +0 pair of gloves.
  1532 | D:2      | 1532 ||| UPGRADING to amulet of faith.
  1537 | D:2      | 1537 ||| READING scroll labelled XOHICU GEYNO.
  1538 | D:2      | 1538 ||| DRINKING 2 bubbling brown potions.
  1539 | D:2      | 1539 ||| READING 2 scrolls of identify.
  1539 | D:2      | 1539 ||| IDENTIFYING lumpy grey potion
  1540 | D:2      | 1540 ||| DROPPING potion of flight.
  1625 | D:3      | 1625 ||| Stepping ~*~*~tactically~*~*~ (hiding).
  1685 | D:3      | 1685 ||| Stepping ~*~*~tactically~*~*~ (stealth).
  1705 | D:3      | 1705 ||| DROPPING +0 mace.
  1957 | D:3      | Reached XP level 5. HP: 32/32 MP: 5/5
  2115 | D:3      | Found an ornate altar of the Wu Jian Council.
  2115 | D:3      | Found an iron altar of Okawaru.
  2116 | D:3      | 2116 ||| PLANNING OKAWARU WORSHIP
  2116 | D:3      | 2116 ||| UPGRADING to +0 pair of boots.
  2121 | D:3      | 2121 ||| UPGRADING to +0 pair of boots of flying.
  2131 | D:3      | 2131 ||| DROPPING +0 pair of boots.
  2132 | D:3      | 2132 ||| DRINKING 2 green potions.
  2133 | D:3      | 2133 ||| READING 4 scrolls of identify.
  2133 | D:3      | 2133 ||| IDENTIFYING dark potion
  2140 | D:3      | Became a worshipper of Warmaster Okawaru
  2140 | D:3      | 2140 ||| PLANNING D:1-11
  2260 | D:4      | 2260 ||| PLANNING SEWER
  2260 | D:4      | 2260 ||| Stepping ~*~*~tactically~*~*~ (hiding).
  2271 | D:4      | Reached skill level 5 in Shields
  2272 | D:4      | HP: 8/32 [gnoll/+3 halberd (2)]
  2275 | D:4      | Slain by a gnoll

Levels and vault maps discovered:
D:1:      co_arrival_random_square_maze, layout_rooms, minmay_misc_feat_alley
D:2:      layout_loops_ring, chequers_ecumenical_altar_island, serial_shops,
          shop, st_stairs_14
D:3:      layout_rooms, minitemple, hex_tiny, minmay_misc_feat_five,
          nicolae_half_adder
D:4:      layout_loops_ring, nemelex_xobeh_ov_fountains_minmay,
          minmay_temple_entry_butterflies, gup_sewer_entry_bubbles,
          minmay_misc_feat_secret_circle, uniq_eustachio

Skill      XL: |  1  2  3  4  5 |
---------------+----------------+-----
Axes           | 2 3 |  3.3
Shields        | 4 5 |  5.0
Fighting       | |  3.2
Armour         | |  3.2

Action                     |  1- 3 |  4- 6 || total
---------------------------+-------+-------++-------
  Melee: War axe           |   120 |    75 ||   195
    Use: Scroll            |     3 |     3 ||     6
         Potion            |       |     2 ||     2
 Armour: Scale mail        |    41 |       ||    41
         Plate armour      |    16 |    49 ||    65
  Dodge: Dodged            |    36 |     9 ||    45
  Block: Buckler           |    13 |       ||    13
         Tower shield      |    17 |    52 ||    69

Table legend:
 A = Non-vault XP
 B = Vault XP
 C = Vault XP percentage of total XP
 D = Non-vault monster count
 E = Vault monster count
 F = Vault count percentage of total count
                 A         B        C        D         E       F
            +---------+---------+-------+---------+---------+-------
      Total |     133 |      40 |  23.1 |      56 |       4 |   6.7
            +---------+---------+-------+---------+---------+-------
        D:1 |      50 |       0 |   0.0 |      26 |       0 |   0.0
        D:2 |      49 |       1 |   2.0 |      18 |       1 |   5.3
        D:3 |      28 |      39 |  58.2 |      10 |       3 |  23.1
        D:4 |       6 |       0 |   0.0 |       2 |       0 |   0.0
            +---------+---------+-------+---------+---------+-------
